| TOP OF THE 1ST |
|
Salt Lake Bees batting - Pitching for Rochester Red Wings : LHP Angel Vidaurri
|
|
Pitching: LHP Angel Vidaurri
|
|
|
Batting: RHB Reginald McDougall
|
0-0: Ball 1-0: Fly out, F8 (Flyball, 89M, EV 76.9 MPH)
|
|
Batting: RHB Justin Lauderdale
|
0-0: Fly out, F8 (Flyball, 8RXD, EV 90.6 MPH)
|
|
Batting: RHB Mike Harkins
|
0-0: Ball 1-0: Ball 2-0: Ball 3-0: Base on Balls
|
|
Batting: RHB Andres Mendiola
|
0-0: Ball 1-0: Ball 2-0: Called Strike 2-1: Swinging Strike 2-2: Strikes out swinging
|
| Top of the 1st over - 0 runs, 0 hits, 0 errors, 1 left on base; Salt Lake 0 - Rochester 0 |
| BOTTOM OF THE 1ST |
|
Rochester Red Wings batting - Pitching for Salt Lake Bees : LHP Nigel Turner
|
|
Pitching: LHP Nigel Turner
|
|
|
Batting: RHB Tony Rivera
|
0-0: Ball 1-0: SINGLE (Flyball, 89S, EV 86.9 MPH)
|
|
Batting: RHB Eric Narrow
|
0-0: Called Strike 0-1: Ball 1-1: Foul Ball, location: 2F 1-2: SINGLE (Line Drive, 9S, EV 108.8 MPH) Tony Rivera to second
|
|
Batting: RHB Michel Martineau
|
0-0: Called Strike 0-1: Ball 1-1: Fly out, F9 (Line Drive, 9, EV 91.3 MPH)
|
|
Batting: RHB Jimmy Buzard
|
0-0: 3-RUN HOME RUN (Flyball, 9LD, EV 95.6 MPH), Distance : 351 ft
|
|
Batting: SHB Aaron Tatar
|
0-0: Fly out, F9 (Flyball, 89D, EV 105.6 MPH)
|
|
Batting: RHB Joe Zimmerman
|
0-0: Called Strike 0-1: Ball 1-1: Ball 2-1: Ground out 5-3 (Groundball, 56, EV 98.8 MPH)
|
| Bottom of the 1st over - 3 runs, 3 hits, 0 errors, 0 left on base; Salt Lake 0 - Rochester 3 |
| TOP OF THE 2ND |
|
Salt Lake Bees batting - Pitching for Rochester Red Wings : LHP Angel Vidaurri
|
|
Batting: RHB Cesar Ortega
|
0-0: Swinging Strike 0-1: Ball 1-1: Called Strike 1-2: Ball 2-2: Ball 3-2: Strikes out swinging
|
|
Batting: LHB Matt Patnaude
|
0-0: Ball 1-0: Called Strike 1-1: Foul Ball, location: 2F 1-2: Foul Ball, location: 2F 1-2: Ground out 6-3 (Groundball, 4MD, EV 85.0 MPH)
|
|
Batting: RHB Guillermo Mojica
|
0-0: Ball 1-0: Called Strike 1-1: SINGLE (Groundball, 6MD, EV 104.4 MPH)
|
|
Batting: RHB Ryan Marler
|
0-0: Swinging Strike 0-1: Ball 1-1: Fly out, F9 (Flyball, 9D, EV 86.9 MPH)
|
| Top of the 2nd over - 0 runs, 1 hit, 0 errors, 1 left on base; Salt Lake 0 - Rochester 3 |
| BOTTOM OF THE 2ND |
|
Rochester Red Wings batting - Pitching for Salt Lake Bees : LHP Nigel Turner
|
|
Batting: SHB David Myles
|
0-0: Ball 1-0: Ground out U3 (Groundball, 3S, EV 86.3 MPH)
|
|
Batting: RHB Bobby Blanchard
|
0-0: Ball 1-0: Swinging Strike 1-1: Ball 2-1: Fly out, F8 (Flyball, 8LD, EV 101.9 MPH)
|
|
Batting: LHB Kai Baker
|
0-0: Called Strike 0-1: Ball 1-1: Foul Ball, location: 2F 1-2: Foul Ball, location: 2F 1-2: Strikes out swinging
|
| Bottom of the 2nd over - 0 runs, 0 hits, 0 errors, 0 left on base; Salt Lake 0 - Rochester 3 |
| TOP OF THE 3RD |
|
Salt Lake Bees batting - Pitching for Rochester Red Wings : LHP Angel Vidaurri
|
|
Batting: SHB Ivan Barry
|
0-0: Ball 1-0: Ball 2-0: Ground out U3 (Groundball, 34, EV 110.6 MPH)
|
|
Batting: RHB Reginald McDougall
|
0-0: Ball 1-0: Called Strike 1-1: Foul Ball, location: 2F 1-2: Ball 2-2: Ball 3-2: Base on Balls
|
|
Batting: RHB Justin Lauderdale
|
0-0: Ball 1-0: Ball 2-0: Ball 3-0: Called Strike 3-1: Foul Ball, location: 2F 3-2: Base on Balls Reginald McDougall to second
|
|
Batting: RHB Mike Harkins
|
0-0: Ball Balk! Reginald McDougall to third Justin Lauderdale to second 1-0: Ball 2-0: Foul Ball, location: 2F 2-1: Foul Ball, location: 2F 2-2: Foul Ball, location: 2F 2-2: Foul Ball, location: 2F 2-2: Fly out, F8 (Flyball, 78D, EV 85.0 MPH) Runner from 3rd tags up, OUT at HOME! 8-2
|
| Top of the 3rd over - 0 runs, 0 hits, 0 errors, 1 left on base; Salt Lake 0 - Rochester 3 |
| BOTTOM OF THE 3RD |
|
Rochester Red Wings batting - Pitching for Salt Lake Bees : LHP Nigel Turner
|
|
Batting: RHB Tony Rivera
|
0-0: Called Strike 0-1: DOUBLE (Line Drive, 9LD, EV 108.8 MPH)
|
|
Batting: RHB Eric Narrow
|
0-0: Ground out 6-3 (Groundball, 6M, EV 105.0 MPH) Tony Rivera to third
|
|
Batting: RHB Michel Martineau
|
0-0: Called Strike 0-1: Swinging Strike 0-2: Ball 1-2: Foul Ball, location: 2F 1-2: Foul Ball, location: 2F 1-2: Foul Ball, location: 2F 1-2: Ball 2-2: Ball 3-2: SINGLE (Groundball, 4MD, EV 108.1 MPH) Tony Rivera scores
|
|
Batting: RHB Jimmy Buzard
|
0-0: Ball 1-0: Called Strike 1-1: Ball 2-1: Fly out, F6 (Popup, P, EV 90.6 MPH)
|
|
Batting: SHB Aaron Tatar
|
0-0: Ball 1-0: Ball 2-0: Swinging Strike 2-1: Foul Ball, location: 2F 2-2: Ball 3-2: Foul Ball, location: 2F 3-2: Base on Balls Michel Martineau to second
|
|
Batting: RHB Joe Zimmerman
|
0-0: Foul Ball, location: 2F 0-1: Foul Ball, location: 2F 0-2: Ball 1-2: Ball 2-2: Foul Ball, location: 2F 2-2: Strikes out swinging
|
| Bottom of the 3rd over - 1 run, 2 hits, 0 errors, 2 left on base; Salt Lake 0 - Rochester 4 |
| TOP OF THE 4TH |
|
Salt Lake Bees batting - Pitching for Rochester Red Wings : LHP Angel Vidaurri
|
|
Batting: RHB Andres Mendiola
|
0-0: Ball 1-0: Ball 2-0: Fly out, F8 (Flyball, 8RD, EV 89.4 MPH)
|
|
Batting: RHB Cesar Ortega
|
0-0: Ball 1-0: DOUBLE (Line Drive, 78D, EV 108.1 MPH)
|
|
Batting: LHB Matt Patnaude
|
0-0: Ball 1-0: Called Strike Cesar Ortega steals 3rd base 1-1: Swinging Strike 1-2: Ball 2-2: Ball 3-2: Foul Ball, location: 2F 3-2: Foul Ball, location: 2F 3-2: Foul Ball, location: 2F 3-2: Hit by Pitch
|
|
Batting: RHB Guillermo Mojica
|
0-0: Ball 1-0: Ground out 4-3 (Groundball, 4S, EV 70.0 MPH) Cesar Ortega scores Matt Patnaude to second
|
|
Batting: RHB Ryan Marler
|
0-0: Ball 1-0: Ball 2-0: Foul Ball, location: 2F 2-1: Ball 3-1: Ground out 5-3 (Groundball, 56, EV 99.4 MPH)
|
| Top of the 4th over - 1 run, 1 hit, 0 errors, 1 left on base; Salt Lake 1 - Rochester 4 |
| BOTTOM OF THE 4TH |
|
Rochester Red Wings batting - Pitching for Salt Lake Bees : LHP Nigel Turner
|
|
Batting: SHB David Myles
|
0-0: Ground out 6-3 (Groundball, 6, EV 102.5 MPH)
|
|
Batting: RHB Bobby Blanchard
|
0-0: Ball 1-0: Ball 2-0: Called Strike 2-1: Ball 3-1: Foul Ball, location: 2F 3-2: Foul Ball, location: 2F 3-2: Foul Ball, location: 2F 3-2: Base on Balls
|
|
Batting: LHB Kai Baker
|
0-0: Fly out, F5 (Flyball, 5D, EV 85.6 MPH)
|
|
Batting: RHB Tony Rivera
|
0-0: Ball 1-0: Ball 2-0: Swinging Strike 2-1: Swinging Strike 2-2: Strikes out swinging
|
| Bottom of the 4th over - 0 runs, 0 hits, 0 errors, 1 left on base; Salt Lake 1 - Rochester 4 |
| TOP OF THE 5TH |
|
Salt Lake Bees batting - Pitching for Rochester Red Wings : LHP Angel Vidaurri
|
|
Batting: SHB Ivan Barry
|
0-0: Reached via error on a dropped throw from 3B, E3 (Groundball, 56S, EV 81.9 MPH)
|
|
Batting: RHB Reginald McDougall
|
0-0: Ball 1-0: Called Strike 1-1: Called Strike 1-2: Fly out, F8 (Flyball, 8LD, EV 80.0 MPH)
|
|
Batting: RHB Justin Lauderdale
|
0-0: Swinging Strike 0-1: Called Strike 0-2: Ball 1-2: Fly out, F8 (Line Drive, 8RM, EV 103.1 MPH)
|
|
Batting: RHB Mike Harkins
|
0-0: Called Strike 0-1: Ball 1-1: Foul Ball, location: 2F 1-2: Ground out 4-3 (Groundball, 34, EV 111.3 MPH)
|
| Top of the 5th over - 0 runs, 0 hits, 1 error, 1 left on base; Salt Lake 1 - Rochester 4 |
| BOTTOM OF THE 5TH |
|
Rochester Red Wings batting - Pitching for Salt Lake Bees : LHP Nigel Turner
|
|
Batting: RHB Eric Narrow
|
0-0: Called Strike 0-1: Ball 1-1: Ball 2-1: Swinging Strike 2-2: Ground out 6-3 (Groundball, 6, EV 88.1 MPH)
|
|
Batting: RHB Michel Martineau
|
0-0: Ball 1-0: Called Strike 1-1: Ball 2-1: Ball 3-1: Base on Balls
|
|
Batting: RHB Jimmy Buzard
|
0-0: Ball 1-0: Grounds into double play, 6-4-3 (Groundball, 6, EV 86.9 MPH)
|
| Bottom of the 5th over - 0 runs, 0 hits, 0 errors, 0 left on base; Salt Lake 1 - Rochester 4 |
| TOP OF THE 6TH |
|
Salt Lake Bees batting - Pitching for Rochester Red Wings : LHP Angel Vidaurri
|
|
Batting: RHB Andres Mendiola
|
0-0: Called Strike 0-1: Ball 1-1: Ball 2-1: Ball 3-1: Foul Ball, location: 2F 3-2: Base on Balls
|
|
Batting: RHB Cesar Ortega
|
0-0: Called Strike 0-1: Called Strike 0-2: Strikes out looking
|
|
Batting: LHB Matt Patnaude
|
0-0: Foul Ball, location: 2F 0-1: Ball 1-1: Ball 2-1: Foul Ball, location: 2F 2-2: Strikes out swinging
|
|
Pitching: RHP Hiromasa Kumasaka
|
|
|
Batting: RHB Guillermo Mojica
|
0-0: Swinging Strike 0-1: Foul Ball, location: 2F 0-2: Strikes out swinging
|
| Top of the 6th over - 0 runs, 0 hits, 0 errors, 1 left on base; Salt Lake 1 - Rochester 4 |
| BOTTOM OF THE 6TH |
|
Rochester Red Wings batting - Pitching for Salt Lake Bees : LHP Nigel Turner
|
|
Batting: SHB Aaron Tatar
|
0-0: Called Strike 0-1: Called Strike 0-2: Strikes out swinging
|
|
Batting: RHB Joe Zimmerman
|
0-0: Foul Ball, location: 2F 0-1: Ball 1-1: Swinging Strike 1-2: Ball 2-2: SINGLE (Line Drive, 4MD, EV 97.5 MPH)
|
|
Batting: SHB David Myles
|
0-0: Ball 1-0: Swinging Strike 1-1: Ball 2-1: Foul Ball, location: 2F 2-2: Ground out 6-3 (Groundball, 6S, EV 69.4 MPH) Joe Zimmerman to second
|
|
Pitching: LHP Pete Zamarron
|
|
|
Batting: RHB Bobby Blanchard
|
0-0: Foul Ball, location: 2F 0-1: Swinging Strike 0-2: Ball 1-2: Strikes out swinging
|
| Bottom of the 6th over - 0 runs, 1 hit, 0 errors, 1 left on base; Salt Lake 1 - Rochester 4 |
| TOP OF THE 7TH |
|
Salt Lake Bees batting - Pitching for Rochester Red Wings : RHP Hiromasa Kumasaka
|
|
Batting: RHB Ryan Marler
|
0-0: Swinging Strike 0-1: Swinging Strike 0-2: Strikes out looking
|
|
Batting: SHB Ivan Barry
|
0-0: Called Strike 0-1: Ball 1-1: Ground out 6-3 (Groundball, 6S, EV 82.5 MPH)
|
|
Batting: RHB Reginald McDougall
|
0-0: Ground out 5-3 (Groundball, 56, EV 84.4 MPH)
|
| Top of the 7th over - 0 runs, 0 hits, 0 errors, 0 left on base; Salt Lake 1 - Rochester 4 |
| BOTTOM OF THE 7TH |
|
Rochester Red Wings batting - Pitching for Salt Lake Bees : LHP Pete Zamarron
|
|
Batting: LHB Kai Baker
|
0-0: Ball 1-0: Foul Ball, location: 2F 1-1: Foul Ball, location: 2F 1-2: Ball 2-2: Strikes out swinging
|
|
Batting: RHB Tony Rivera
|
0-0: Called Strike 0-1: Ball 1-1: Ball 2-1: Swinging Strike 2-2: Foul Ball, location: 2F 2-2: Foul Ball, location: 2F 2-2: Foul Ball, location: 2F 2-2: Foul Ball, location: 2F 2-2: Ball 3-2: Foul Ball, location: 2F 3-2: Base on Balls
|
|
Batting: RHB Eric Narrow
|
0-0: Fielders Choice at 2nd, 3-6 (Groundball, 3, EV 104.4 MPH)
|
|
Batting: RHB Michel Martineau
|
0-0: Ball 1-0: Ball 2-0: Called Strike 2-1: Ball 3-1: Base on Balls Eric Narrow to second
|
|
Batting: RHB Jimmy Buzard
|
0-0: Foul Ball, location: 2F 0-1: Fly out, F6 (Popup, 6MS, EV 81.9 MPH)
|
| Bottom of the 7th over - 0 runs, 0 hits, 0 errors, 2 left on base; Salt Lake 1 - Rochester 4 |
| TOP OF THE 8TH |
|
Salt Lake Bees batting - Pitching for Rochester Red Wings : RHP Hiromasa Kumasaka
|
|
Batting: RHB Justin Lauderdale
|
0-0: Ball 1-0: Ball 2-0: Foul Ball, location: 2F 2-1: SINGLE (Line Drive, 6D, EV 105.0 MPH)
|
|
Batting: RHB Mike Harkins
|
0-0: Ball 1-0: Foul Ball, location: 2F 1-1: Foul Ball, location: 2F 1-2: Grounds into double play, 4-6-3 (Groundball, 4, EV 111.9 MPH)
|
|
Batting: RHB Andres Mendiola
|
0-0: Ball 1-0: SINGLE (Line Drive, 4MD, EV 103.8 MPH)
|
|
Batting: RHB Cesar Ortega
|
0-0: DOUBLE (Line Drive, 78D, EV 105.0 MPH) Andres Mendiola to third
|
|
Batting: LHB Matt Patnaude
|
0-0: Ball 1-0: Ball 2-0: Fly out, F8 (Line Drive, 8RD, EV 90.0 MPH)
|
| Top of the 8th over - 0 runs, 3 hits, 0 errors, 2 left on base; Salt Lake 1 - Rochester 4 |
| BOTTOM OF THE 8TH |
|
Rochester Red Wings batting - Pitching for Salt Lake Bees : LHP Pete Zamarron
|
|
Pitching: LHP Brennan Duncan
|
|
|
Batting: SHB Aaron Tatar
|
0-0: Called Strike 0-1: Ball 1-1: Ball 2-1: Foul Ball, location: 2F 2-2: Strikes out looking
|
|
Batting: RHB Joe Zimmerman
|
0-0: Ball 1-0: SINGLE (Flyball, 6MD, EV 90.0 MPH)
|
|
Batting: SHB David Myles
|
0-0: Called Strike Joe Zimmerman steals 2nd base 0-1: Ball 1-1: Foul Ball, location: 2F 1-2: Ball 2-2: Ball 3-2: Foul Ball, location: 2F 3-2: Foul Ball, location: 2F 3-2: Base on Balls
|
|
Batting: RHB Bobby Blanchard
|
0-0: Called Strike Joe Zimmerman steals 3rd, throwing error, E2 Joe Zimmerman scores David Myles to third 0-1: Fly out, F8 (Flyball, 8LD, EV 101.9 MPH) Runner from 3rd tags up, SCORES, throw by CF
|
|
Batting: LHB Kai Baker
|
0-0: Ball 1-0: Ball 2-0: Ground out U3 (Groundball, 3, EV 81.9 MPH)
|
| Bottom of the 8th over - 2 runs, 1 hit, 1 error, 0 left on base; Salt Lake 1 - Rochester 6 |
| TOP OF THE 9TH |
|
Salt Lake Bees batting - Pitching for Rochester Red Wings : RHP Hiromasa Kumasaka
|
|
Batting: RHB Guillermo Mojica
|
0-0: Ball 1-0: Ball 2-0: Called Strike 2-1: Ball 3-1: Called Strike 3-2: Base on Balls
|
|
Batting: RHB Ryan Marler
|
0-0: Called Strike 0-1: Ball 1-1: Swinging Strike 1-2: Grounds into double play, 6-4-3 (Groundball, 6, EV 106.3 MPH)
|
|
Batting: SHB Ivan Barry
|
0-0: Called Strike 0-1: Fly out, F9 (Flyball, 9LM, EV 82.5 MPH)
|
| Top of the 9th over - 0 runs, 0 hits, 0 errors, 0 left on base; Salt Lake 1 - Rochester 6 |
|